 Dungeon Crawl Stone Soup version 0.22-a0-398-g8bb545f (webtiles) character file.

26 KristoblXynda the Conjurer (level 2, 0/20 HPs)
             Began as a Draconian Conjurer on May 4, 2018.
             Slain by a giant cockroach (2 damage)
             ... on level 1 of the Dungeon.
             The game lasted 00:01:31 (563 turns).

KristoblXynda the Conjurer (Draconian Conjurer)      Turns: 563, Time: 00:01:31

Health: 0/20       AC:  4    Str: 10    XL:     2   Next: 89%
Magic:  1/5        EV: 12    Int: 15    God:
Gold:   6          SH:  0    Dex: 11    Spells: 5/6 levels left

rFire    . . .     SeeInvis .   e - +0 dagger
rCold    . . .     Gourm    .   (no shield)
rNeg     . . .     Faith    .   (armour unavailable)
rPois    .         Spirit   .   (helmet restricted)
rElec    .         Reflect  .   (no cloak)
rCorr    .         Harm     .   (no gloves)
MR       .....                  (no boots)
Stlth    +.........             (no amulet)
HPRegen  0.06/turn              a - ring of loudness (curse)
MPRegen  0.09/turn              (no ring)

@: no status effects
A: unfitting armour, cold-blooded, AC +4
a: no special abilities


You were on level 1 of the Dungeon.
You were not hungry.

You visited 1 branch of the dungeon, and saw 1 of its levels.

You collected 6 gold pieces.

Inventory:

Hand Weapons
 e - a +0 dagger (weapon)
Jewellery
 a - a cursed ring of loudness (left hand)
Scrolls
 d - 3 scrolls of fear {unknown}
Comestibles
 b - 2 rations


   Skills:
 - Level 1.7 Dodging
 - Level 1.7 Stealth
 + Level 2.6 Spellcasting
 + Level 4.5 Conjurations


You had 5 spell levels left.
You knew the following spells:

 Your Spells              Type           Power        Failure   Level  Hunger
a - Magic Dart            Conj           ###.         3%          1    #......


Dungeon Overview and Level Annotations

Branches:
Dungeon (1/15)

Altars:


Innate Abilities, Weirdness & Mutations

Your plain brown scales are hard. (AC +4)
You cannot fit into any form of body armour.
You are cold-blooded and may be slowed by cold attacks.


Message History

The giant cockroach misses you. The giant cockroach barely misses you.
You hit the giant cockroach.
The giant cockroach is moderately wounded.
The giant cockroach bites you but does no damage.
You hit the giant cockroach but do no damage.
Your tail-slap misses the giant cockroach.
The giant cockroach is moderately wounded.
The giant cockroach bites you but does no damage.
You hit the giant cockroach.
The giant cockroach is almost dead.
The giant cockroach bites you.
* * * LOW HITPOINT WARNING * * *
You closely miss the giant cockroach.
You tail-slap the giant cockroach, but do no damage.
The giant cockroach is almost dead.
The giant cockroach bites you but does no damage.
You barely miss the giant cockroach.
The giant cockroach is almost dead.
The giant cockroach misses you. The giant cockroach bites you.
You die...

#...##..###)......#
#...##......#.....# ..
#...###.....#...#.# #.#
##...# ##.#####.##.# ..
#....# #. ...##†#
###.###....#############)#
.....##.....##....# #.###
.....##....###.##s# #...#
......#.......()@(# #.#.#
...)........(..#### #.#.#
##.##..........###########.#
# ##.................###.#
#...................'...#
...##.#.###..........#####
#...#......#..........# ###
##................#
.......##.........#


You could see a giant cockroach.

Vanquished Creatures
  An ooze (D:1)
  A dart slug (D:1)
  A leopard gecko (D:1)
  2 ball pythons (D:1)
  4 hobgoblins (D:1)
  A bat (D:1)
  2 goblins (D:1)
  3 kobolds (D:1)
  4 rats (D:1)
19 creatures vanquished.

Notes
Turn   | Place    | Note
-------+----------+-------------------------------------------
     0 | D:1      | KristoblXynda the Draconian Conjurer began the quest for the Orb.
     0 | D:1      | Reached XP level 1. HP: 14/14 MP: 3/3
    91 | D:1      | Reached XP level 2. HP: 15/20 MP: 1/5
   563 | D:1      | Slain by a giant cockroach

Vault maps used:
D:1:      dpeg_arrival_court

Action                   || total
-------------------------++-------
Melee: Unarmed           ||    13
       Whip              ||     8
       Tailslap          ||    10
       Dagger            ||    37
 Cast: Magic Dart        ||    25
Armor: Skin              ||    19
Dodge: Dodged            ||    49

Table legend:
 A = Spawn XP
 B = Non-spawn XP
 C = Spawn XP percentage of total XP
 D = Spawn monster count
 E = Non-spawn monster count
 F = Spawn count percentage of total count
 G = Total turns spent on level
                    A         B        C        D         E        F      G
               +---------+---------+-------+---------+---------+-------+---------
         Total |       0 |      38 |   0.0 |       0 |      19 |   0.0 |   563
               +---------+---------+-------+---------+---------+-------+---------
           D:1 |       0 |      38 |   0.0 |       0 |      19 |   0.0 |   563
               +---------+---------+-------+---------+---------+-------+---------
